AoeStats
← Pervaris

Arabia

510376230Analyzed
1v1 RM · 1d ago on Sep 30, 2026· 27m 15s· 2 players
Game mode
Random Map
Map size
Tiny (2 player)
Population
200
Speed
Normal
Resources
Standard
Victory
Conquest
Starting age
Dark Age
Ending age
Imperial Age
RankedLock teamsTeams togetherTeam positionsShared explorationLock speedFull tech treeHidden civsTurbo modeCheats
Victory
Defeat
🇦🇷 Bengalis · Argentina
1139
+15
🇩🇰 Burgundians · Denmark
1126
-15
Pervaris
5:59 Double-Bit Axe
10:12 Feudal Age
8:34 Horse Collar
11:13 Bow Saw
14:16 Wheelbarrow
15:01 Heavy Plow
18:16 Castle Age
16:55 Gold Mining
18:32 Gold Shaft Mining
19:06 Husbandry
18:26 Cavalier
20:04 Crop Rotation
19:56 Scale Barding Armor
20:02 Forging
26:47 Devotion
Smooth Operator-
12:48 Feudal Age
12:52 Loom
17:01 Castle Age
21:01 Double-Bit Axe
21:19 Gold Mining
23:04 Redemption
23:51 Sanctity
Connection lost

Rejoining the realm…

Still unreachable

The connection could not be restored.

Session expired

The server has moved on; the page needs a fresh start.